 Dungeon Crawl Stone Soup version 0.31-a0-188-g5e087ee2ca (webtiles) character file.

Game seed: 16734424973100208402

1128 qw the Skirmisher (level 8, -8/45 HPs)
             Began as a Deep Elf Hunter on June 23, 2023.
             Was a Follower of Okawaru.
             Mangled by Pikel
             ... wielding a +2 whip of electrocution
              (14 damage)
             ... on level 5 of the Dungeon.
             The game lasted 00:02:02 (4923 turns).

qw the Skirmisher (Deep Elf Hunter)                 Turns: 4923, Time: 00:02:03

Health: -8/45      AC: 13    Str: 10    XL:     8   Next: 13%
Magic:  10/12      EV: 17    Int: 15    God:    Okawaru [*.....]
Gold:   339        SH:  0    Dex: 24    Spells: 7/7 levels left

rFire   . . .        Y - +0 shortbow (flame)
rCold   . . .        (shield currently unavailable)
rNeg    . . .        f - +0 ring mail
rPois   .            (no helmet)
rElec   .            (no cloak)
rCorr   .            g - +1 pair of gloves
SInv    .            e - +0 pair of boots
Will    .....        j - amulet of faith
Stlth   +++          d - +6 ring of dexterity
HPRegen 0.27/turn    m - +4 ring of protection
MPRegen 0.13/turn

%: faith
@: about to teleport, heroic
A: no striking features
a: Renounce Religion, Heroism


You were on level 5 of the Dungeon.
You worshipped Okawaru.
Okawaru was aware of your devotion.
You visited 2 branches of the dungeon, and saw 7 of its levels.

You collected 339 gold pieces.


   Skills:
 - Level 2.6(7.6) Fighting
 + Level 11.5(16.5) Ranged Weapons
 - Level 1.2(6.2) Armour
 - Level 4.2(9.2) Dodging
 - Level 1.2(6.2) Stealth
 + Level 3.2 Invocations


You had 7 spell levels left.
You didn't know any spells.
Your spell library was empty.

Inventory:

Hand Weapons
 Y - a +0 shortbow of flaming (weapon)
Armour
 e - a +0 pair of boots (worn)
 f - a +0 ring mail (worn)
 g - a +1 pair of gloves (worn)
Jewellery
 d - a +6 ring of dexterity (left hand)
 j - an amulet of faith (around neck)
 m - a +4 ring of protection (right hand)
Wands
 n - a wand of digging (7)
Scrolls
 k - a scroll of teleportation
Potions
 a - a potion of attraction {unknown}
 b - a potion of haste
 c - a potion of heal wounds
 h - 2 potions of might
 i - 2 potions of curing
 l - a potion of berserk rage {unknown}
 o - a potion of enlightenment {unknown}

Dungeon Overview and Level Annotations

Branches:
Dungeon (6/15)             Temple (1/1) D:4

Altars:
Ashenzari
Cheibriados
Elyvilon
Fedhas
Gozag
Hepliaklqana
Kikubaaqudgha
Nemelex Xobeh
Okawaru
Qazlal
Ru
Sif Muna
Trog
Uskayaw
Vehumet
Wu Jian
Xom
Yredelemnul
The Shining One

Annotations:
D:4 1 runed translucent door, Crazy Yiuf
D:5 Pikel


Message History

You shoot an arrow. The arrow hits Pikel!
The arrow burns Pikel.
Pikel is severely wounded.
The bullfrog closely misses you. The lemure barely misses you.
Pikel hits you with a +2 whip of electrocution.
You are electrocuted!
You shoot an arrow. The arrow hits Pikel.
The arrow burns Pikel.
Pikel is almost dead.
The bullfrog closely misses you. The lemure closely misses you.
Pikel hits you with a +2 whip of electrocution.
The bullfrog hits you.
You shoot an arrow.
The arrow hits Pikel but does no damage.
Pikel is almost dead.
The bullfrog misses you. The lemure hits you but does no damage.
Pikel hits you but does no damage.
You are electrocuted!
4921 ||| STAIRDANCE The bullfrog misses you.
The lemure barely misses you. Pikel hits you but does no damage.
You climb upwards.
There is a stone staircase leading down here.
Enter note:
Enter note:
Enter note:
Enter note:
Enter note:
Enter note:
Enter note:
Enter note:
Enter note:
Enter note:
Enter note:
Enter note:
4923 ||| READING 2 scrolls of teleportation.
As you read the scroll of teleportation, it crumbles to dust.
You feel strangely unstable. The bullfrog barely misses you.
The bullfrog hits you but does no damage.
Pikel hits you with a +2 whip of electrocution.
You are electrocuted!
You die...

........#.......#.#####...#...###
........#.......#.#...#...#...#..
...#....######+###.....#.###.#...
...............# ##...###...###..
...###############.###.#.....#.##
...##############...#...#...#...#
..[#............#...#...#####...#
...#.##########.#F..#...#...#...#
...#.######...).@#.###.#.)...#.##
............###K5##...###...###..
............# #..#.....#.###.#...
###.........# #...#...#...#...#..
#.........# #...#####...#...###
##'######.# #...#...#...#...#..
#.# #.###..#.....#.###.#... #.#
#.#....##...###...###.. ####.#
#.#.#.#########.### ###


You could see Pikel, a lemure and a bullfrog.

Vanquished Creatures
  Menkaure (D:5)
  An ogre (D:4)
  A centaur (D:5)
  A lemure (D:6)
  2 scorpions (D:5)
  2 jellies
  4 orc priests
  5 hounds
  2 sleepcaps (D:5)
  Natasha (D:2)
  An iguana (D:4)
  4 orc wizards (D:4)
  9 adders
  A dart slug (D:2)
  16 orcs
  5 ball pythons
  9 bats
  10 endoplasms
  A giant cockroach (D:3)
  11 goblins
  5 hobgoblins
  3 jackals (D:2)
  19 kobolds
  7 quokkas
  7 frilled lizards
  6 rats
134 creatures vanquished.

Notes
Turn   | Place    | Note
-------+----------+-------------------------------------------
     0 | D:1      | qw the Deep Elf Hunter began the quest for the Orb.
     0 | D:1      | Reached XP level 1. HP: 12/12 MP: 3/3
     0 | D:1      | 0 ||| qw: Version: 0.3-a-9-g12657ce
     0 | D:1      | 0 ||| qw: Game counter: 3120
     0 | D:1      | 0 ||| qw: Always use a shield: true
     0 | D:1      | 0 ||| qw: God list: Okawaru
     0 | D:1      | 0 ||| qw: Allow faded altars: false
     0 | D:1      | 0 ||| qw: Do Orc after D:15 true
     0 | D:1      | 0 ||| qw: Do second Lair branch before Depths: true
     0 | D:1      | 0 ||| qw: Lair rune preference: random
     0 | D:1      | 0 ||| qw: Plans: Normal
     0 | D:1      | 0 ||| PLANNING D:1-11
    40 | D:1      | Reached XP level 2. HP: 8/16 MP: 4/4
    43 | D:1      | Reached skill level 6 in Ranged Weapons
   573 | D:1      | 573 ||| UPGRADING to +0 pair of boots.
   578 | D:1      | 578 ||| UPGRADING to +0 ring mail.
   588 | D:1      | 588 ||| DROPPING +0 leather armour.
   589 | D:1      | 589 ||| UPGRADING to +1 pair of gloves.
   594 | D:1      | 594 ||| READING scroll labelled XUC UM KEUCS.
   598 | D:1      | 598 ||| READING 2 scrolls labelled ZALOJISOVE.
   599 | D:1      | 599 ||| DRINKING 2 murky brown potions.
   656 | D:1      | 656 ||| DRINKING 2 golden potions.
   657 | D:1      | 657 ||| DROPPING scroll of butterflies.
   658 | D:1      | 658 ||| DROPPING potion of lignification.
   659 | D:1      | 659 ||| DROPPING scroll of fog.
   788 | D:2      | Reached XP level 3. HP: 19/20 MP: 5/5
   975 | D:2      | Reached skill level 7 in Ranged Weapons
  1237 | D:2      | Reached XP level 4. HP: 25/25 MP: 6/6
  1406 | D:2      | Noticed Natasha
  1418 | D:2      | Killed Natasha
  1620 | D:2      | 1620 ||| UPGRADING to amulet of faith.
  1625 | D:2      | 1625 ||| UPGRADING to +6 ring of dexterity.
  1626 | D:2      | 1626 ||| UPGRADING to +4 ring of protection.
  1627 | D:2      | 1627 ||| READING scroll labelled NAGYMEL HIOLIE.
  1728 | D:2      | 1728 ||| DRINKING 2 fuming yellow potions.
  1752 | D:3      | Found a faded altar of an unknown god.
  1774 | D:3      | Reached skill level 8 in Ranged Weapons
  2013 | D:3      | Reached skill level 3 in Dodging
  2152 | D:3      | Reached XP level 5. HP: 29/29 MP: 7/7
  2675 | D:3      | 2675 ||| READING scroll labelled ERREFATHEHI.
  2676 | D:3      | 2676 ||| READING scroll labelled DAPSEUHIOM.
  2677 | D:3      | 2677 ||| READING scroll labelled HIDODA SANOUDE.
  2678 | D:3      | 2678 ||| DRINKING 2 dark potions.
  2679 | D:3      | 2679 ||| DRINKING 2 red potions.
  2681 | D:3      | 2681 ||| Stepping ~*~*~tactically~*~*~ (cloud).
  2833 | D:4      | Reached skill level 9 in Ranged Weapons
  2847 | D:4      | Noticed an ogre
  2851 | D:4      | Killed an ogre
  2852 | D:4      | Reached XP level 6. HP: 36/36 MP: 8/8
  2883 | D:4      | Reached skill level 1 in Armour
  2961 | D:4      | Found a staircase to the Ecumenical Temple.
  2963 | D:4      | 2963 ||| PLANNING TEMPLE
  2963 | D:4      | 2963 ||| READING scroll labelled LAGYIR ZINE.
  2964 | D:4      | 2964 ||| READING scroll labelled SITUOTZ LYNLE.
  2988 | Temple   | Entered the Ecumenical Temple
  2991 | Temple   | 2991 ||| PLANNING OKAWARU WORSHIP
  3035 | Temple   | Became a worshipper of Warmaster Okawaru
  3036 | Temple   | 3036 ||| PLANNING D:1-11
  3190 | D:4      | Reached skill level 10 in Ranged Weapons
  3190 | D:4      | Reached XP level 7. HP: 40/40 MP: 9/9
  3202 | D:4      | 3202 ||| Stepping ~*~*~tactically~*~*~ (outnumbered).
  3381 | D:4      | Found a runed translucent door.
  3382 | D:4      | Noticed Crazy Yiuf
  3519 | D:4      | 3519 ||| Stepping ~*~*~tactically~*~*~ (outnumbered).
  3521 | D:4      | 3521 ||| Stepping ~*~*~tactically~*~*~ (outnumbered).
  3524 | D:4      | 3524 ||| Stepping ~*~*~tactically~*~*~ (outnumbered).
  3714 | D:4      | 3714 ||| READING scroll of brand weapon.
  3714 | D:4      | 3714 ||| BRANDING +0 shortbow of freezing.
  3837 | D:4      | 3837 ||| DROPPING ring of magical power.
  3838 | D:4      | 3838 ||| READING scroll labelled NAOCUIFFYCA.
  3862 | D:5      | Entered Level 5 of the Dungeon
  3975 | D:5      | Reached * piety under Okawaru
  4062 | D:5      | Reached skill level 11 in Ranged Weapons
  4062 | D:5      | Reached skill level 1 in Invocations
  4088 | D:5      | 4088 ||| INVOKING Heroism.
  4406 | D:5      | Noticed Menkaure
  4407 | D:5      | 4407 ||| INVOKING Heroism.
  4411 | D:5      | Killed Menkaure
  4412 | D:5      | Reached skill level 3 in Invocations
  4412 | D:5      | Reached XP level 8. HP: 45/45 MP: 8/12
  4896 | D:6      | Noticed Pikel
  4897 | D:6      | 4897 ||| INVOKING Heroism.
  4917 | D:6      | 4917 ||| INVOKING Heroism.
  4920 | D:6      | HP: 9/45 [Pikel/+2 whip of electrocution (15)]
  4921 | D:6      | 4921 ||| STAIRDANCE
  4923 | D:5      | 4923 ||| READING 2 scrolls of teleportation.
  4923 | D:5      | Mangled by Pikel

Levels and vault maps discovered:
D:1:      dpeg_arrival_rooms_a, layout_basic
D:2:      layout_loops_corners, uniq_natasha
D:3:      layout_basic, shapermc_ecumenical_altar_gd, kennysheep_orc_chapel
D:4:      cheibrodos_fertilizer, layout_cave_pools, minmay_temple_entry_arrows,
          minmay_quadrilaterals, uniq_crazy_yiuf_cottage
D:5:      nicolae_cairo_tiling, layout_basic, uniq_menkaure
D:6:      layout_basic, uniq_pikel, uniq_edmund
Temple:   hellmonk_temple_of_storms

Skill      XL: |  1  2  3  4  5  6  7 |
---------------+----------------------+-----
Ranged Weapons | 6 7 8 9 10 11 | 11.5
Dodging        | 3 4 |  4.2
Fighting       | 2 |  2.6
Armour         | 1 |  1.2
Invocations    | 3 |  3.2
Stealth        | |  1.2

Action                     |  1- 3 |  4- 6 |  7- 9 || total
---------------------------+-------+-------+-------++-------
   Fire: Shortbow          |   118 |   185 |   125 ||   428
 Invoke: Heroism           |       |       |     4 ||     4
    Use: Scroll            |     2 |     6 |     3 ||    11
         Potion            |     2 |     3 |       ||     5
 Armour: Leather armour    |    12 |       |       ||    12
         Ring mail         |    12 |    28 |    26 ||    66
  Dodge: Dodged            |    32 |    33 |    50 ||   115

Table legend:
 A = Non-vault XP
 B = Vault XP
 C = Vault XP percentage of total XP
 D = Non-vault monster count
 E = Vault monster count
 F = Vault count percentage of total count
                 A         B        C        D         E       F
            +---------+---------+-------+---------+---------+-------
      Total |    1205 |     407 |  25.2 |     108 |      25 |  18.8
            +---------+---------+-------+---------+---------+-------
        D:1 |      35 |       0 |   0.0 |      20 |       0 |   0.0
        D:2 |      72 |      35 |  32.7 |      25 |       1 |   3.8
        D:3 |      85 |      85 |  50.0 |      27 |       3 |  10.0
        D:4 |     519 |     115 |  18.1 |      26 |      20 |  43.5
        D:5 |     494 |     172 |  25.8 |      10 |       1 |   9.1
            +---------+---------+-------+---------+---------+-------
